 Dungeon Crawl Stone Soup version 0.31.0-2-g5a2aebc5c2 (webtiles) character file.

Game seed: 9603079958368277182

3609 apoch the Ruffian (level 9, 0/91 HPs)
             Began as a Troll Fighter on Jan 20, 2024.
             Was an Initiate of Qazlal.
             Slain by a killer bee (3 damage)
             ... on level 8 of the Dungeon.
             The game lasted 00:18:08 (6014 turns).

apoch the Ruffian (Troll Fighter)                   Turns: 6014, Time: 00:18:09

Health: 0/91       AC:  4    Str: 30    XL:     9   Next: 86%
Magic:  9/9        EV: 10    Int:  4    God:    Qazlal [......]
Gold:   307        SH:  9    Dex:  9    Spells: 8/8 levels left

rFire   . .          .
                       - Unarmed
rCold   . . .        b - +0 kite shield
rNeg    . . .        a - +0 robe
rPois   .            (helmet restricted)
rElec   .            (no cloak)
rCorr   +            (gloves unavailable)
SInv    +            (boots unavailable)
Will    .....        (no amulet)
Stlth   +            f - ring of resist corrosion
HPRegen 1.15/turn    F - ring of see invisible
MPRegen 0.11/turn

%: no passive effects
@: lethally poisoned (0 -> -2)
A: large, unfitting armour, claws 3, regeneration 1, shaggy fur 1, tough skin 1
a: Renounce Religion


You were on level 8 of the Dungeon.
You worshipped Qazlal.
Qazlal was noncommittal.
You visited 2 branches of the dungeon, and saw 9 of its levels.

You collected 327 gold pieces.
You spent 20 gold pieces at shops.

Inventory:

Hand Weapons
 C - a +0 giant spiked club
Missiles
 c - 46 stones
 u - 8 poisoned darts (quivered)
 y - a throwing net
Armour
 a - a +0 robe (worn)
 b - a +0 kite shield (worn)
Jewellery
 f - a ring of resist corrosion (left claw)
 g - a +6 ring of intelligence
 j - an amulet of the acrobat
 F - a ring of see invisible (right claw)
Wands
 q - a wand of flame (28)
 r - a wand of charming (8)
 v - a wand of polymorph (10)
 w - a wand of roots (20)
Scrolls
 e - a scroll of vulnerability
 k - 3 scrolls of teleportation
 l - 2 scrolls of revelation
 n - a scroll of fog
 s - 4 scrolls of noise
 x - a scroll of immolation {unknown}
 B - a scroll of torment {unknown}
 D - a scroll of identify
 E - a scroll of fear
Potions
 d - 2 potions of invisibility
 h - 2 potions of brilliance
 i - 2 potions of enlightenment
 m - 2 potions of curing
 o - a potion of magic
 p - 2 potions of haste
 z - a potion of berserk rage
 A - a potion of heal wounds {unknown}


   Skills:
 + Level 6.3 Fighting
 + Level 6.3 Dodging
 + Level 7.0 Shields
 + Level 7.2 Unarmed Combat
 + Level 1.7 Invocations


You had 8 spell levels left.
You didn't know any spells.
Your spell library contained the following spells:

 Spells                   Type           Power      Damage    Failure   Level
 Fugue of the Fallen      Necr           0%         N/A       96%         3
 Ozocubu's Armour         Ice            0%         N/A       96%         3
 Tukima's Dance           Hex            0%         N/A       96%         3
 Dimensional Bullseye     Hex/Tloc       0%         N/A       100%        4
 Iskenderun's Mystic Bla  Conj/Tloc      0%         2d3       100%        4
 Manifold Assault         Tloc           0%         N/A       100%        4


Dungeon Overview and Level Annotations

Branches:
Dungeon (8/15)             Temple (1/1) D:7
   Lair: D:8-11

Altars:
Ashenzari
Cheibriados
Dithmenos
Elyvilon
Hepliaklqana
Kikubaaqudgha
Okawaru
Qazlal
Ru
Sif Muna
Uskayaw
Vehumet
Wu Jian
Xom
Yredelemnul
The Shining One

Shops:
D:3 *   D:5 *


Innate Abilities, Weirdness & Mutations

You are too large for most types of armour.
You have claws for hands.
Your natural rate of healing is unusually fast.
You are covered in fur. (AC +1)
You have tough skin. (AC +1)


Message History

The orc wizard hits you with a +0 dagger.
A killer bee comes into view.
The orc wizard mumbles some strange words.
The orc wizard flickers and vanishes for a moment.
The orc warrior hits you from afar with a +1 heavy trident!!
* * * LOW HITPOINT WARNING * * *
You block the orc wizard's attack.
The orc priest calls down the wrath of Beogh upon you.
Beogh smites you!
* * * LOW HITPOINT WARNING * * *
The killer bee stings you.
* * * LOW HITPOINT WARNING * * *
The orc priest casts a cantrip, but nothing happens.
You block the killer bee's attack. The killer bee closely misses you.
The killer bee stings you.
* * * LOW HITPOINT WARNING * * *
Blink to where?
Press: ? - help, Dir - move target
As you read the scroll of blinking, it crumbles to dust.
There is a dry fountain here.
Found 10 gold pieces.
The killer bee attacks as it pursues you!
The killer bee stings you.
* * * LOW HITPOINT WARNING * * *
The killer bee closely misses you.
The killer bee attacks as it pursues you!
You block the killer bee's attack. x2
The killer bee attacks as it pursues you!
The killer bee stings you.
* * * LOW HITPOINT WARNING * * *
You are poisoned.
The killer bee poisons you! The killer bee stings you.
* * * LOW HITPOINT WARNING * * *
* * * LOW HITPOINT WARNING * * *
You feel sick.
The killer bee attacks as it pursues you!
The killer bee stings you but does no damage.
The killer bee stings you.
You die...

##.........# .# .....
#....# .y ##...##....#
# y. .........###
.###o
##.##..#⌠.##+##.⌠#
#.....#.........#
#..##.##.y.....###
#####y.#...#........§.
#....@.#†..+..._...+..
#.##.).#...#.......#..
##..)###........###
#..)..#.........#.
#.....#⌠.##+##.⌠#.
#####..### ####.
#....# .. ###..# .##
#..# .#


You could see a killer bee.

Vanquished Creatures
  4 yaks
  A steam dragon (D:7)
  A water moccasin (D:6)
  An orc warrior (D:8)
  A black bear (D:5)
  3 ice beasts
  2 ogres (D:6)
  A centaur (D:6)
  A phantom (D:6)
  A kobold brigand (D:6)
  A gnoll sergeant (D:4)
  5 scorpions
  3 bullfrogs
  The ghost of Livid the Trooper, a weakling AtHs (D:3)
  4 howler monkeys
  3 hounds
  A jelly (D:6)
  3 bombardier beetles (D:5)
  3 gnoll boudas
  3 orc priests
  3 sleepcaps
  7 iguanas
  Natasha (thrice) (D:3)
  4 orc wizards
  20 gnolls
  10 adders
  2 shadow imps (D:6)
  3 dart slugs
  2 ribbon worms
  10 orcs
  5 ball pythons
  8 bats
  8 endoplasms
  3 giant cockroaches
  9 goblins
  10 hobgoblins
  3 quokkas
  7 frilled lizards
  15 kobolds
  3 rats
178 creatures vanquished.

Notes
Turn   | Place    | Note
-------+----------+-------------------------------------------
     0 | D:1      | apoch the Troll Fighter began the quest for the Orb.
     0 | D:1      | Reached XP level 1. HP: 22/22 MP: 0/0
    78 | D:1      | Reached XP level 2. HP: 29/29 MP: 1/1
   269 | D:1      | You fall into a shaft and drop 1 floor!
   331 | D:2      | Reached XP level 3. HP: 36/36 MP: 2/2
  1040 | D:2      | Reached XP level 4. HP: 41/44 MP: 3/3
  1213 | D:3      | Found a large runed translucent door.
  1275 | D:3      | Noticed Natasha
  1283 | D:3      | Killed Natasha
  1391 | D:3      | Found a large runed translucent door.
  1410 | D:3      | Found Viamiam's General Store.
  1422 | D:3      | Bought a scroll of identify for 20 gold pieces
  1632 | D:3      | Found an iron altar of Okawaru.
  1663 | D:3      | Noticed Natasha
  1670 | D:3      | Killed Natasha
  1671 | D:3      | Reached XP level 5. HP: 41/53 MP: 4/4
  1691 | D:3      | Noticed Natasha
  1695 | D:3      | Killed Natasha
  2081 | D:3      | Found a radiant altar of Vehumet.
  2164 | D:3      | Noticed Livid's ghost (weakling AtHs)
  2178 | D:3      | Killed Livid's ghost
  2242 | D:4      | Upgraded the game from 0.31.0 to 0.31.0-2-g5a2aebc5c2
  2330 | D:4      | Reached XP level 6. HP: 61/61 MP: 5/5
  2959 | D:5      | Entered Level 5 of the Dungeon
  2981 | D:5      | Noticed an ice beast
  3002 | D:4      | Reached XP level 7. HP: 21/68 MP: 6/6
  3267 | D:5      | Noticed a yak
  3271 | D:5      | Noticed a yak
  3272 | D:5      | Noticed a yak
  3278 | D:5      | Noticed a yak
  3285 | D:4      | Killed a yak
  3314 | D:4      | Killed a yak
  3315 | D:4      | Reached skill level 5 in Shields
  3315 | D:4      | Reached skill level 5 in Unarmed Combat
  3315 | D:4      | Reached XP level 8. HP: 36/79 MP: 7/7
  3524 | D:5      | Found an ornate altar of the Wu Jian Council.
  3538 | D:5      | Reached skill level 5 in Dodging
  3577 | D:5      | Found a glowing golden altar of the Shining One.
  3616 | D:5      | Reached skill level 5 in Fighting
  3673 | D:5      | Found Piobuh's Gadget Gallery.
  4334 | D:6      | Reached XP level 9. HP: 75/88 MP: 8/8
  5112 | D:7      | Found a staircase to the Ecumenical Temple.
  5122 | Temple   | Entered the Ecumenical Temple
  5134 | Temple   | Became a worshipper of Qazlal Stormbringer
  5378 | D:7      | Reached skill level 1 in Invocations
  5962 | D:8      | Found a broken altar of Ashenzari.
  6013 | D:8      | HP: 4/91 [killer bee (5)]
  6014 | D:8      | Slain by a killer bee

Illustrated notes

Levels and vault maps discovered:
D:1:      denvon_arrival_waterhouse, layout_basic, minmay_crystal_room
D:2:      layout_basic, minmay_domino_2
D:3:      minmay_angry_zag, layout_loops_cross, marbit_many_paths,
          hellmonk_okawaru_the_only_friend_you_need, serial_shops,
          nicolae_shop_statue_plus, ebering_ghost_disaster_area, uniq_natasha
D:4:      layout_gridville, grunt_decor_arrowhead
D:5:      layout_gridville, mainiacjoe_overflow_24_doors,
          mainiacjoe_overflow_chevrons, nicolae_shop_gadgets
D:6:      cheibrodos_barr_body, layout_loops_ring
D:7:      layout_layer_cave, temple_pool_b, nicolae_nh_ransacked_shop
D:8:      layout_loops_ring, evilmike_ruin_ashenzari, old_standard_altar,
          mainiacjoe_overflow_paths, kennysheep_generic_room_15
Temple:   nicolae_temple_bog_church

Skill      XL: |  1  2  3  4  5  6  7  8  9 |
---------------+----------------------------+-----
Shields        | 3 4 5 6 7 |  7.0
Fighting       | 3 4 5 6 |  6.3
Dodging        | 3 4 5 6 |  6.3
Unarmed Combat | 3 4 5 6 7 |  7.2
Invocations    | 1 |  1.7

Action                     |  1- 3 |  4- 6 |  7- 9 || total
---------------------------+-------+-------+-------++-------
  Melee: Unarmed           |    95 |   147 |   338 ||   580
  Throw: Stone             |     8 |     7 |       ||    15
         Dart              |       |       |    19 ||    19
    Use: Scroll            |       |     9 |     8 ||    17
         Potion            |       |       |     1 ||     1
   Stab: Sleeping          |       |     1 |       ||     1
 Armour: Robe              |    50 |    80 |   227 ||   357
  Dodge: Dodged            |    31 |    57 |   103 ||   191
  Block: Kite shield       |    37 |    49 |   125 ||   211
